 Dungeon Crawl Stone Soup version 0.25.0-9-g26727b657a (webtiles) character file.

Game seed: 615402338296425537

93595 Exodus22XD the Covert (level 15, -5/112 HPs)
             Began as a Demonspawn Gladiator on June 21, 2020.
             Was a Believer of Uskayaw.
             Slain by a water elemental (6 damage)
             ... on level 2 of the Shoals.
             The game lasted 01:36:45 (23813 turns).

Exodus22XD the Covert (Demonspawn Gladiator)       Turns: 23813, Time: 01:36:45

Health: -5/112     AC: 20    Str: 24    XL:     15   Next: 61%
Magic:  33/33      EV:  8    Int:  9    God:    Uskayaw [**....]
Gold:   1805       SH:  0    Dex: 21    Spells: 14/14 levels left

rFire    x . .     SeeInvis .   p - +3 trident (protect)
rCold    + + .     Gourm    .   V - +2 buckler
rNeg     + . .     Faith    +   Y - +0 ice dragon scales
rPois    .         Spirit   .   c - +0 helmet
rElec    +         Reflect  .   w - +0 cloak
rCorr    .         Harm     .   (no gloves)
MR       +....                  (no boots)
Stlth    ++++......             y - amulet of Xom's Passing Interest {Faith rN+ Str+3}
HPRegen  0.28/turn              I - +6 ring of dexterity
MPRegen  0.23/turn              N - ring of magical power

@: engulfed (cannot breathe), held
A: talons 1, thin metallic scales 3, demonic guardian 1, powered by pain 2
a: Stomp, Line Pass, Renounce Religion


You were on level 2 of the Shoals.
You worshipped Uskayaw.
Uskayaw was pleased with you.
You were very hungry.

You visited 4 branches of the dungeon, and saw 21 of its levels.
You also visited: Volcano.

You collected 1805 gold pieces.

Inventory:

Hand Weapons
 p - a +3 trident of protection (weapon)
 v - a +0 lajatang
 A - the +7 spear of the Ageless Bones {vorpal, rC+}
   (You found it on level 6 of the Dungeon)

   It inflicts extra damage upon your enemies.
   It protects you from cold.
Armour
 c - a +0 helmet (worn)
 k - +5 fire dragon scales
 w - a +0 cloak (worn)
 V - a +2 buckler (worn)
 Y - +0 ice dragon scales (worn)
Jewellery
 s - an uncursed ring of flight
 y - the amulet of Xom's Passing Interest (around neck) {Faith rN+ Str+3}
   (You found it on level 7 of the Dungeon)

   [amulet of faith]

   It allows you to gain divine favour quickly.
   It affects your strength (+3).
   It protects you from negative energy.
 B - an uncursed ring of positive energy
 E - an uncursed amulet of the acrobat {unknown}
 I - a +6 ring of dexterity (left hand)
 J - an uncursed ring of resist corrosion
 N - a ring of magical power (right hand)
 W - an uncursed ring of fire
 X - an uncursed ring of protection from cold
Wands
 b - a wand of iceblast (7)
 C - a wand of disintegration (19)
 F - a wand of flame (28)
 G - a wand of paralysis (21)
 T - a wand of digging (4)
Scrolls
 g - 10 scrolls of remove curse
 i - 5 scrolls of blinking
 q - 2 scrolls of fear
 u - a scroll of brand weapon
 x - 8 scrolls of teleportation
 K - a scroll of vulnerability
 M - a scroll of fog
 Q - 3 scrolls of magic mapping
 R - a scroll of amnesia {unknown}
 S - 2 scrolls of immolation {unknown}
 U - a scroll of torment {unknown}
Potions
 a - 3 potions of magic
 e - a potion of mutation
 h - 4 potions of flight
 j - 4 potions of haste
 l - 5 potions of stabbing
 n - 3 potions of lignification
 o - 2 potions of cancellation
 t - 4 potions of brilliance
 z - a potion of berserk rage {unknown}
 D - 3 potions of degeneration {unknown}
 L - 4 potions of might
 O - a potion of ambrosia {unknown}
 P - a potion of resistance {unknown}
Miscellaneous
 H - 2 phantom mirrors
Comestibles
 f - 39 rations


   Skills:
 + Level 8.6 Fighting
 + Level 12.8 Polearms
 - Level 1.7 Throwing
 + Level 10.5 Armour
 + Level 6.3 Dodging
 + Level 14.0 Stealth
 - Level 5.2 Shields
 + Level 12.5 Invocations


You had 14 spell levels left.
You didn't know any spells.
Your spell library contained the following spells:

 Spells                   Type           Power        Failure   Level  Hunger
 Foxfire                  Conj/Fire      #...         69%         1    ##.....
 Sting                    Tmut/Pois      #...         69%         1    ##.....
 Poisonous Vapours        Pois/Air       #.....       83%         2    ###....
 Ignite Poison            Fire/Tmut/Pois #.......     96%         3    ####...
 Mephitic Cloud           Conj/Pois/Air  #.......     96%         3    ####...
 Cause Fear               Hex            #.........   100%        4    #####..
 Olgreb's Toxic Radiance  Pois           #.......     100%        4    #####..
 Dragon Form              Tmut           #.........   100%        7    #######
 Dragon's Call            Summ           #.........   100%        9    #######


Dungeon Overview and Level Annotations

Branches:
Dungeon (12/15)            Temple (1/1) D:5            Lair (6/6) D:11
 Shoals (2/4) Lair:2       Spider (0/4) Lair:4        Slime (0/5) Lair:6
    Orc (0/2) D:12        Volcano (visited)

Altars:
Ashenzari
Cheibriados
Dithmenos
Elyvilon
Fedhas
Gozag
Hepliaklqana
Kikubaaqudgha
Makhleb
Nemelex Xobeh
Okawaru
Qazlal
Ru
Sif Muna
Trog
Uskayaw
Vehumet
Wu Jian
Xom
Yredelemnul
Zin
The Shining One

Portals:
Hell: Lair:6

Annotations:
Lair:1 exclusion: 3 oklob plants
Shoals:2 1 runed translucent door, Aral's ghost, adept MiBe


Innate Abilities, Weirdness & Mutations

You have sharp toenails.
You are completely covered in thin metallic scales. (AC +4, rElec)
A weak demonic guardian rushes to your aid.
You sometimes gain power by taking damage.


Message History

Okay, then.
You cannot read scrolls while unable to breathe!
Unknown command.
Level annotation: 1 runed translucent door, Aral's ghost, adept MiBe Welcome back, Exodus22XD the Demonspawn Gladiator.
Uskayaw says: Surrender yourself to the rhythm!
Press ? for a list of commands and other information.
You tear a large gash into the net.
* * * LOW HITPOINT WARNING * * *
Your lungs strain for air!
The water elemental hits you.
* * * LOW HITPOINT WARNING * * *
The merfolk hits you but does no damage.
The water elemental barely misses you.
The merfolk hits you but does no damage.
You feel better.
* * * LOW HITPOINT WARNING * * *
Your lungs strain for air!
The water elemental hits you.
You die...

≈..≈........>.....≈≈≈≈≈≈≈≈≈≈≈≈≈≈≈
≈≈≈......≈≈......≈≈≈≈≈≈≈≈≈≈≈≈≈≈≈≈
≈≈≈≈....≈≈≈≈≈≈....≈≈≈≈≈≈≈≈≈≈≈≈≈≈≈
≈≈≈≈≈≈.(≈≈≈≈≈≈....≈≈≈≈≈≈≈≈≈≈≈..≈≈
≈≈≈≈≈≈≈(.≈≈≈≈≈...≈≈≈≈≈≈≈≈≈≈≈≈....
≈≈≈≈≈≈≈...≈≈≈...≈≈≈≈≈≈≈≈... #..
≈≈≈≈≈≈≈........≈≈≈m≈≈≈≈.### #..
≈≈≈≈≈≈≈.....##.m≈5≈≈≈≈≈.# #..
≈≈≈≈≈≈≈.....##..@?≈≈≈≈..### #..
≈≈≈≈≈≈≈≈....###EE..≈.≈≈...#####./
≈≈≈≈≈≈....(## ##((.≈.≈≈≈≈........
≈≈≈≈≈≈....(####(([(≈≈≈≈≈≈≈≈≈≈≈≈≈≈
≈≈≈≈≈≈≈≈≈.(.)..####(.≈≈≈≈≈≈≈≈≈≈≈≈
≈≈≈≈≈≈≈≈≈≈(.)...###..≈≈≈≈≈≈≈≈≈≈≈≈
≈≈≈≈≈≈≈≈≈≈.[.....(.≈≈≈≈≈≈≈≈≈≈≈≈≈
≈≈≈≈≈≈≈≈≈≈≈....<..≈≈≈≈≈≈≈≈≈≈≈≈≈
≈≈≈≈≈≈≈≈≈≈≈≈≈≈≈...≈≈≈≈≈≈≈≈≈≈≈≈


You could see 2 merfolk, 2 water elementals and a friendly ufetubus (summoned).

Vanquished Creatures
  Nessos (Lair:6)
  2 merfolk javelineers (Shoals:2)
  2 merfolk impalers (Shoals:2)
  4 hydras
  Erica (D:11)
  2 merfolk aquamancers
  2 two-headed ogres
  4 death yaks (Lair:6)
  Sonja (D:11)
  A sun demon (Lair:6)
  A fire crab (Volcano)
  A wizard (Lair:6)
  4 sea snakes
  A lindwurm (Volcano)
  14 harpies
  An ugly thing (D:12)
  5 manticores
  2 slime creatures (D:12)
  A cyclops (D:11)
  2 fauns (Shoals:2)
  11 elephants
  Joseph (D:10)
  4 black mambas
  Psyche (D:10)
  A torpor snail (Lair:6)
  3 orange demons (Lair:6)
  14 spiny frogs
  2 demonic crawlers (Lair:5)
  5 rime drakes (Lair:6)
  2 ice devils (Lair:6)
  6 komodo dragons
  A hellwing (Lair:6)
  13 merfolk
  A wind drake (Shoals:1)
  A hornet (Lair:6)
  Prince Ribbit (D:7)
  A polar bear (Lair:5)
  15 blink frogs
  4 dream sheep (Lair:6)
  7 hippogriffs
  5 snapping turtles
  5 water elementals
  2 wyverns
  A vampire (D:12)
  9 fire bats (Volcano)
  2 spriggans
  A wraith (D:11)
  13 yaks
  A basilisk (Lair:1)
  A steam dragon (Volcano)
  3 vampire mosquitoes (D:12)
  Grum (D:10)
  2 swamp worms (Lair:5)
  4 hell hounds (Lair:6)
  13 water moccasins
  An orc warrior (D:8)
  7 porcupines
  2 ice beasts
  Duvessa (D:7)
  An eye of draining (D:8)
  4 sky beasts
  A black bear (D:10)
  5 ogres
  42 wolves
  5 centaurs
  6 crocodiles
  3 big kobolds
  10 bullfrogs
  Dowan (D:7)
  A wyvern skeleton (D:10)
  4 scorpions
  5 killer bees (D:7)
  3 howler monkeys
  3 wights (D:7)
  A bullfrog zombie (D:5)
  10 crimson imps
  A centaur zombie (D:8)
  A quasit (D:10)
  Crazy Yiuf (D:7)
  3 orc priests
  2 centaur skeletons
  4 hounds
  7 jellies
  8 orc wizards
  A bullfrog skeleton (D:12)
  An iguana (D:7)
  Terence (D:2)
  6 worker ants
  2 hound zombies
  2 hound skeletons
  2 worker ant zombies
  A gnoll (D:5)
  10 adders
  3 shadow imps
  5 oozes
  An adder skeleton (D:4)
  4 worms
  3 dart slugs
  6 leopard geckos
  32 orcs
  2 ball pythons
  10 bats
  8 giant cockroaches
  18 goblins
  13 hobgoblins
  9 jackals
  2 quokkas (D:2)
  7 frilled lizards
  A jackal skeleton (D:5)
  25 kobolds
  A leopard gecko skeleton (D:4)
  5 rats
533 creatures vanquished.

Vanquished Creatures (collateral kills)
  2 elephants (Lair:6)
  A merfolk siren (Shoals:1)
  3 blink frogs
  2 hippogriffs (D:11)
  A sky beast (D:5)
  An ogre (D:5)
  4 wolves
  2 centaurs
  A bullfrog (D:6)
  A killer bee (D:7)
  A quasit (D:5)
  An orc priest (D:6)
  An orc wizard (D:8)
  A worker ant (D:5)
  2 orcs (D:5)
  2 kobolds
  A quokka zombie (D:7)
27 creatures vanquished.

Vanquished Creatures (others)
  A death yak (Lair:6)
  A butterfly (Lair:6)
  7 fungi
  30 plants
39 creatures vanquished.

Grand Total: 599 creatures vanquished

Notes
Turn   | Place    | Note
-------+----------+-------------------------------------------
     0 | D:1      | Exodus22XD the Demonspawn Gladiator began the quest for the
                  | Orb.
     0 | D:1      | Reached XP level 1. HP: 16/16 MP: 1/1
   217 | D:1      | Gained mutation: A weak demonic guardian rushes to your
                  | aid. [demonic ancestry]
   217 | D:1      | Reached XP level 2. HP: 22/22 MP: 2/2
  1036 | D:2      | Gained mutation: You are partially covered in thin metallic
                  | scales. (AC +2) [demonic ancestry]
  1036 | D:2      | Reached XP level 3. HP: 27/27 MP: 3/3
  1243 | D:2      | Noticed Terence
  1260 | D:2      | Killed Terence
  1300 | D:2      | Reached skill level 1 in Armour
  1300 | D:2      | Gained mutation: You are mostly covered in thin metallic
                  | scales. (AC +3) [demonic ancestry]
  1300 | D:2      | Reached XP level 4. HP: 34/34 MP: 4/4
  1320 | D:2      | Found a sacrificial altar of Ru.
  2100 | D:3      | Found a faded altar of an unknown god.
  2547 | D:3      | Reached XP level 5. HP: 39/39 MP: 5/5
  3369 | D:5      | Entered Level 5 of the Dungeon
  3445 | D:5      | Reached skill level 5 in Polearms
  3445 | D:5      | Gained mutation: You are completely covered in thin
                  | metallic scales. (AC +4, rElec) [demonic ancestry]
  3445 | D:5      | Reached XP level 6. HP: 41/47 MP: 6/6
  3505 | D:5      | Found a staircase to the Ecumenical Temple.
  3541 | Temple   | Entered the Ecumenical Temple
  3551 | Temple   | Became a worshipper of Uskayaw the Reveler
  3735 | D:5      | Reached * piety under Uskayaw
  3737 | D:5      | Reached skill level 1 in Shields
  3737 | D:5      | Reached ** piety under Uskayaw
  3809 | D:5      | Reached *** piety under Uskayaw
  3869 | D:5      | Reached skill level 1 in Invocations
  3910 | D:5      | Reached skill level 1 in Stealth
  4285 | D:5      | Reached XP level 7. HP: 30/52 MP: 8/8
  5167 | D:6      | Gained mutation: You sometimes gain a little power by
                  | taking damage. [demonic ancestry]
  5167 | D:6      | Reached XP level 8. HP: 60/60 MP: 10/10
  5306 | D:6      | Reached skill level 2 in Stealth
  5416 | D:6      | Got a fine spear
  5417 | D:6      | Identified the +7 spear of the Ageless Bones {vorpal, rC+}
                  | (You found it on level 6 of the Dungeon)
  5711 | D:7      | Noticed Prince Ribbit
  5798 | D:7      | Reached **** piety under Uskayaw
  5943 | D:7      | Noticed a hippogriff
  5949 | D:7      | Killed a hippogriff
  5966 | D:7      | Reached skill level 5 in Invocations
  5984 | D:7      | Reached skill level 3 in Stealth
  6050 | D:7      | Noticed Duvessa
  6050 | D:7      | Noticed Dowan
  6060 | D:7      | Killed Duvessa
  6060 | D:7      | Reached XP level 9. HP: 65/65 MP: 12/12
  6063 | D:7      | Killed Dowan
  6342 | D:7      | Got a steaming ruby amulet
  6351 | D:7      | Identified the amulet of Xom's Passing Interest {Faith rN+
                  | Str+3} (You found it on level 7 of the Dungeon)
  6384 | D:7      | Found a radiant altar of Vehumet.
  6393 | D:7      | Found a snail-covered altar of Cheibriados.
  6480 | D:7      | Found a runed translucent door.
  6481 | D:7      | Noticed Crazy Yiuf
  6560 | D:7      | Killed Prince Ribbit
  6835 | D:7      | Killed Crazy Yiuf
  6920 | D:8      | Reached skill level 4 in Stealth
  6975 | D:8      | Reached ***** piety under Uskayaw
  7394 | D:8      | Found a blossoming altar of Fedhas.
  8250 | D:9      | Reached XP level 10. HP: 73/73 MP: 15/15
  8284 | D:9      | Found a white marble altar of Elyvilon.
  8284 | D:9      | Found a glowing silver altar of Zin.
  8285 | D:9      | Found a glowing golden altar of the Shining One.
  8415 | D:10     | Entered Level 10 of the Dungeon
  8455 | D:10     | Noticed Psyche
  8462 | D:10     | Killed Psyche
  8589 | D:10     | Noticed Joseph
  8621 | D:10     | Killed Joseph
  8621 | D:10     | Reached skill level 5 in Shields
  8674 | D:10     | Noticed a two-headed ogre
  8682 | D:10     | Killed a two-headed ogre
  8682 | D:10     | Reached skill level 5 in Stealth
  8941 | D:10     | Noticed Grum
  8960 | D:10     | Killed Grum
  9193 | D:11     | Found a staircase to the Lair.
  9204 | D:11     | Noticed a seven-headed hydra
  9222 | D:11     | Killed a seven-headed hydra
  9222 | D:11     | Reached skill level 5 in Fighting
  9513 | D:11     | Noticed Erica
  9517 | D:11     | Noticed a cyclops
  9519 | D:11     | Noticed a two-headed ogre
  9551 | D:11     | Killed a cyclops
  9579 | D:11     | Killed a two-headed ogre
  9579 | D:11     | Reached XP level 11. HP: 79/80 MP: 17/17
  9698 | D:11     | Killed Erica
  9795 | D:11     | Noticed Sonja
  9810 | D:11     | Reached skill level 10 in Polearms
  9810 | D:11     | Reached skill level 6 in Stealth
  9817 | D:11     | Killed Sonja
 10142 | D:11     | Reached skill level 5 in Armour
 10295 | D:11     | You fall into a shaft and drop 1 floor!
 10352 | D:12     | Noticed a purple ugly thing
 10369 | D:12     | Killed a purple ugly thing
 10577 | D:12     | Found a staircase to the Orcish Mines.
 10993 | Lair:1   | Entered Level 1 of the Lair of Beasts
 11180 | Lair:1   | Reached ****** piety under Uskayaw
 11182 | Lair:1   | Reached skill level 10 in Invocations
 11224 | Lair:1   | Gained mutation: You sometimes gain power by taking damage.
                  | [demonic ancestry]
 11224 | Lair:1   | Reached XP level 12. HP: 88/88 MP: 19/19
 11225 | Lair:1   | Reached skill level 10 in Stealth
 11225 | Lair:1   | Reached XP level 13. HP: 93/93 MP: 20/20
 12297 | Lair:2   | Found a staircase to the Shoals.
 13006 | Lair:3   | Reached skill level 11 in Stealth
 13652 | Lair:3   | Got a slimy leather armour
 13663 | Lair:3   | Identified the +0 leather armour "Etiov" {rPois} (You found
                  | it on level 3 of the Lair of Beasts)
 13760 | Lair:4   | Found a dark tunnel.
 13790 | Volcano  | Entered a volcano
 14032 | Volcano  | Gained mutation: You have sharp toenails. [demonic
                  | ancestry]
 14032 | Volcano  | Reached XP level 14. HP: 93/101 MP: 22/22
 14201 | Lair:4   | Found a hole to the Spider Nest.
 15275 | Lair:5   | Reached skill level 5 in Dodging
 15493 | Lair:5   | Reached skill level 12 in Stealth
 16231 | Lair:6   | Entered Level 6 of the Lair of Beasts
 16303 | Lair:6   | Found a staircase to the Slime Pits.
 17344 | Lair:6   | Paralysed by a wizard for 3 turns
 17350 | Lair:6   | Paralysed by a wizard for 2 turns
 17360 | Lair:6   | Found a burning altar of Makhleb.
 17379 | Lair:6   | Reached skill level 10 in Armour
 17391 | Lair:6   | Found a gateway to Hell.
 17417 | Lair:6   | Got a brightly glowing longbow
 18370 | Lair:6   | Noticed Nessos
 18400 | Lair:6   | Reached skill level 13 in Stealth
 18406 | Lair:6   | Killed Nessos
 18445 | Lair:6   | Reached XP level 15. HP: 28/110 MP: 4/24
 19491 | Shoals:1 | Entered Level 1 of the Shoals
 22876 | Shoals:2 | Found a runed translucent door.
 22890 | Shoals:2 | Found a shimmering altar of Xom.
 22890 | Shoals:2 | Noticed Aral's ghost (adept MiBe)
 22891 | Shoals:2 | Found the +6 lightning scales {run, rElec}
 22891 | Shoals:2 | Identified the +11 halberd of a treasure trove {chaos, rN+
                  | Int+7}
 23804 | Shoals:2 | Reached skill level 14 in Stealth
 23812 | Shoals:2 | HP: 1/112 [drowned by a water elemental (9)]
 23813 | Shoals:2 | Slain by a water elemental

Illustrated notes

Levels and vault maps discovered:
D:1:      dpeg_arrival_tiny_i, layout_loops_ring
D:2:      layout_loops_ring, overflow_temple_1_default, uniq_terence
D:3:      layout_basic, chequers_ecumenical_altar_simple_redux
D:4:      layout_cave_pools, first_ration
D:5:      corexii_shantytown, layout_basic, serial_rivers,
          chequers_serial_rivers_micro_d, chequers_serial_rivers_micro_c,
          chequers_serial_rivers_micro_c, chequers_serial_rivers_micro_d
D:6:      layout_rooms
D:7:      layout_loops_ring, amethyst_overflow_temple_binary, the_bakery,
          chequers_serial_rivers_small_a, kennysheep_opposing_triangles,
          uniq_prince_ribbit1, uniq_duvessa, uniq_crazy_yiuf_cottage
D:8:      layout_basic, fedhas_altar_decomposition
D:9:      layout_roguey, good_gods_temple_1
D:10:     layout_loops_ring, uniq_grum, uniq_joseph, uniq_psyche
D:11:     layout_rooms, lair_entry_dummy, uniq_erica, uniq_sonja
D:12:     layout_layer_cave, orc_0_dummy, kennysheep_generic_room_2,
          uniq_nergalle, uniq_gastronok
Temple:   eino_temple_rhombus
Lair:1:   layout_long_grid, minmay_lair_oklob_chamber, grunt_megastairs_3
Lair:2:   layout_cellular_growth, minmay_shoals_entry_hut
Lair:3:   layout_hall_layers
Lair:4:   layout_roguey, dummy_spider_entry, nicolae_volcano_entry_lava_flow
Lair:5:   layout_gridlike, serial_rivers, chequers_serial_rivers_room_b,
          chequers_serial_rivers_room_b, chequers_serial_rivers_micro_e,
          chequers_serial_rivers_micro_d, chequers_serial_rivers_small_b,
          worms_lemuel, lemuel_fruit_fields
Lair:6:   evil_forest, layout_cave_pods, nicolae_slime_entry_slimehenge,
          grunt_forest_large_clearings, lemuel_fruit_fields,
          serial_bayou_shore_b, uniq_nessos
Shoals:1: layout_shoals
Shoals:2: layout_shoals, ebering_ghost_xom, abandoned_shop,
          nicolae_shoals_hunting_party

Skill      XL: |  1  2  3  4  5  6  7  8  9 10 11 12 13 14 15 |
---------------+----------------------------------------------+-----
Polearms       | 3 4 5 6 7 8 9 10 12 | 12.8
Dodging        | 3 4 5 6 |  6.3
Armour         | 1 2 3 4 9 10 | 10.5
Fighting       | 3 4 5 6 7 8 |  8.6
Shields        | 1 2 3 4 5 |  5.2
Invocations    | 2 3 5 7 9 10 12 | 12.5
Stealth        | 1 3 4 5 6 10 11 13 14 | 14.0
Throwing       | |  1.7

Action                   |  1- 3 |  4- 6 |  7- 9 | 10-12 | 13-15 || total
-------------------------+-------+-------+-------+-------+-------++-------
Melee: Trident           |   129 |   273 |   219 |    34 |   893 ||  1548
       Spear             |       |       |   254 |   341 |   420 ||  1015
       Kick              |       |       |       |       |   409 ||   409
Throw: Throwing net      |       |       |       |       |     4 ||     4
Invok: Line Pass         |       |       |       |     1 |    11 ||    12
       Stomp             |       |       |       |       |     8 ||     8
       Grand Finale      |       |       |       |       |     2 ||     2
  Use: Scroll            |       |    11 |    11 |     3 |    11 ||    36
       Potion            |       |       |       |     3 |    15 ||    18
 Stab: Sleeping          |     2 |       |       |     1 |    16 ||    19
       Distracted        |     1 |     1 |     3 |     4 |    11 ||    20
       Paralysed         |       |       |    21 |    24 |   123 ||   168
       Confused          |       |       |       |       |    17 ||    17
       Held in net/web   |       |       |       |       |     5 ||     5
  Eat: Chunk             |     1 |     9 |    11 |    10 |    32 ||    63
       Ration            |       |       |     1 |       |     4 ||     5
Armor: Leather armour    |     5 |       |       |       |       ||     5
       Ring mail         |    22 |    56 |       |       |       ||    78
       Fire dragon scale |     9 |    93 |   141 |   118 |   385 ||   746
       Ice dragon scales |       |       |       |       |   142 ||   142
Dodge: Dodged            |    70 |   129 |   139 |   119 |   648 ||  1105
Block: Buckler           |       |    21 |    54 |    51 |   344 ||   470
